 Dungeon Crawl Stone Soup version 0.25-b1-37-g2669288c55 (webtiles) character file.

Game seed: 1594832134946355089

5955 raph the Thaumaturge (level 10, -5/57 HPs)
             Began as a Deep Elf Wizard on June 6, 2020.
             Was a Believer of Vehumet.
             Slain by a bullfrog (7 damage)
             ... on level 1 of the Lair of Beasts.
             The game lasted 00:48:30 (16214 turns).

raph the Thaumaturge (Deep Elf Wizard)             Turns: 16214, Time: 00:48:32

Health: -5/57      AC:  9    Str:  5    XL:     10   Next: 54%
Magic:  10/24      EV: 15    Int: 26    God:    Vehumet [**....]
Gold:   262        SH:  0    Dex: 19    Spells: 2/25 levels left

rFire    + + +     SeeInvis .   B - +3 hunting sling "Hifoel" {venom, *Drain rF+++ Dex+6}
rCold    + . .     Gourm    .   (no shield)
rNeg     . . .     Faith    +   E - +0 leather armour {MR+}
rPois    .         Spirit   .   b - +1 hat
rElec    .         Reflect  .   x - +1 cloak
rCorr    .         Harm     .   P - +1 pair of gloves {archery}
MR       ++...                  H - +0 pair of boots
Stlth    ++++......             t - amulet of faith
HPRegen  0.19/turn              l - ring of protection from cold
MPRegen  0.19/turn              L - ring of protection from fire

@: lethally poisoned (-5 -> -7), very slightly contaminated
A: no striking features
a: Renounce Religion


You were on level 1 of the Lair of Beasts.
You worshipped Vehumet.
Vehumet was pleased with you.
You were not hungry.

You visited 3 branches of the dungeon, and saw 10 of its levels.

You collected 527 gold pieces.
You spent 265 gold pieces at shops.

Inventory:

Hand Weapons
 c - a +2 battleaxe of flaming
 k - a +0 short sword
 B - the +3 hunting sling "Hifoel" (weapon) {venom, *Drain rF+++ Dex+6}
   (You found it on level 5 of the Dungeon)

   It poisons the ammo it fires.
   It affects your dexterity (+6).
   It renders you almost immune to fire.
   It causes draining when unequipped.
Missiles
 e - 246 stones (quivered)
 h - 56 poisoned darts
 s - 50 sling bullets
Armour
 a - a +0 robe
 b - a +1 hat (worn)
 x - a +1 cloak (worn)
 E - a +0 leather armour of magic resistance (worn)
 H - a +0 pair of boots (worn)
 O - a +0 robe of fire resistance
 P - a +1 pair of gloves of archery (worn)
Magical Staves
 C - an uncursed staff of cold {unknown}
Jewellery
 l - a ring of protection from cold (left hand)
 o - an uncursed ring of positive energy
 p - an uncursed amulet of magic regeneration
 t - an amulet of faith (around neck)
 A - an uncursed ring of resist corrosion
 K - an uncursed amulet of the acrobat
 L - a ring of protection from fire (right hand)
Wands
 u - a wand of polymorph (15)
 y - a wand of digging (3)
 I - a wand of flame (20)
Scrolls
 i - 4 scrolls of enchant weapon
 q - 4 scrolls of identify
 v - a scroll of amnesia
 G - a scroll of teleportation
Potions
 f - 4 potions of curing
 g - a potion of invisibility
 j - 2 potions of haste
 m - 4 potions of stabbing
 n - 2 potions of berserk rage
 r - 2 potions of lignification
 z - a potion of cancellation
 D - a potion of might
 J - a potion of brilliance
 M - a potion of heal wounds
Comestibles
 d - 9 rations


   Skills:
 - Level 4.2 Fighting
 - Level 2.7 Armour
 + Level 6.1 Dodging
 - Level 7.2 Stealth
 + Level 8.1 Spellcasting
 - Level 7.9 Conjurations
 - Level 4.9 Summonings
 * Level 6.9 Necromancy
 - Level 1.1 Translocations
 - Level 3.9 Fire Magic
 - Level 3.5 Air Magic


You had 2 spell levels left.
You knew the following spells:

 Your Spells              Type           Power        Failure   Level  Hunger
a - Magic Dart            Conj           ####         1%          1    None
b - Blink                 Tloc           N/A          9%          2    None
c - Call Imp              Summ           #####...     1%          2    None
d - Conjure Flame         Conj/Fire      #####...     2%          3    None
e - Mephitic Cloud        Conj/Pois/Air  ####....     5%          3    None
f - Slow                  Hex            ##......     14%         2    None
g - Animate Skeleton      Necr           N/A          1%          1    None
h - Pain                  Necr           ####         1%          1    None
i - Foxfire               Conj/Fire      ####         1%          1    None
j - Dispel Undead         Necr           #####...     4%          4    ##.....
k - Vampiric Draining     Necr           #####.....   1%          3    None

Your spell library contained the following spells:

 Spells                   Type           Power        Failure   Level  Hunger
 Corpse Rot               Necr/Air       N/A          1%          2    None
 Sublimation of Blood     Necr           #####.....   1%          2    None
 Animate Dead             Necr           N/A          4%          4    ##.....
 Agony                    Necr           #####...     14%         5    ####...
 Gell's Gravitas          Tloc           ###.......   17%         3    None
 Confusing Touch          Hex            ##......     26%         3    None
 Irradiate                Conj/Tmut      ####......   43%         5    ####...
 Excruciating Wounds      Chrm/Necr      ####......   52%         5    ####...
 Petrify                  Tmut/Erth      ##......     65%         4    ##.....
 Metabolic Englaciation   Hex/Ice        ##........   94%         5    ####...
 Yara's Violent Unravell  Hex/Tmut       ##........   94%         5    ####...
 Hydra Form               Tmut           ##........   100%        6    ######.
 Statue Form              Tmut/Erth      ##.......    100%        6    ######.
 Dragon Form              Tmut           ##........   100%        7    #######


Dungeon Overview and Level Annotations

Branches:
Dungeon (8/15)             Temple (1/1) D:6            Lair (1/6) D:8

Altars:
Ashenzari
Cheibriados
Dithmenos
Elyvilon
Fedhas
Gozag
Hepliaklqana
Kikubaaqudgha
Makhleb
Nemelex Xobeh
Okawaru
Qazlal
Ru
Sif Muna
Trog
Uskayaw
Vehumet
Wu Jian
Xom
Yredelemnul
Zin
The Shining One

Shops:
D:8 [

Annotations:
D:7 exclusions: door and 1 more exclusion


Message History

A porcupine comes into view.
You feel sick. The bullfrog hits you.
Really attack while wielding the +3 hunting sling "Hifoel" {venom, *Drain rF+++ Dex+6}? [Y]es or [N]o only, please.
Really attack while wielding the +3 hunting sling "Hifoel" {venom, *Drain rF+++ Dex+6}? [Y]es or [N]o only, please.
Really attack while wielding the +3 hunting sling "Hifoel" {venom, *Drain rF+++ Dex+6}?
Okay, then.
The sentinel's mark upon you fades away.
The porcupine bites you.
* * * LOW HITPOINT WARNING * * *
Your crimson imp hits the porcupine.
You feel sick. The porcupine barely misses you. The bullfrog hits you.
* * * LOW HITPOINT WARNING * * *
The porcupine bites something but does no damage.
The water moccasin bites you!
* * * LOW HITPOINT WARNING * * *
The porcupine closely misses something.
The bullfrog hits you!
You die...

## ## ### #### # #.###.######P##
#####..###. .....#........###
#.......... .............S..#
#.......... ..........Fl.F..#
#.......<.. ...........r##@##
#.......... .......5##.#5#..##
#..........
........P.##.....####....รท...>.
..................#.#..........
............###.P.............#
.......##.### ##....#.#.......#
...###. ### #...###........# ...
## ##..###.......... #.
#..##............


You could see a spiny frog, a basilisk, a water moccasin and a bullfrog.

Vanquished Creatures
  Pikel (D:4)
  A manticore (D:7)
  Joseph (D:8)
  3 blink frogs (Lair:1)
  Eustachio (D:5)
  A hungry ghost (D:4)
  A porcupine (Lair:1)
  2 sky beasts (D:7)
  4 orc warriors
  A phantom (D:7)
  3 ogres
  3 centaurs
  2 bullfrogs (D:7)
  Blork the orc (D:5)
  3 killer bees (D:8)
  8 howler monkeys
  A crimson imp (D:5)
  A gnoll shaman (D:5)
  5 hounds
  2 jellies
  3 orc wizards
  5 orc priests
  A bullfrog skeleton (D:4)
  2 iguanas
  Ijyb (D:4)
  6 worker ants
  2 hound skeletons
  4 gnolls (D:5)
  9 adders
  4 shadow imps
  2 oozes (D:3)
  An adder zombie (D:7)
  A worm (D:2)
  2 dart slugs
  8 leopard geckos
  22 orcs
  2 ball pythons (D:2)
  5 bats
  9 giant cockroaches
  17 goblins
  9 hobgoblins
  2 jackals
  5 kobolds
  7 quokkas
  2 frilled lizards (D:1)
  2 jackal skeletons (D:4)
  A leopard gecko zombie (D:7)
  6 rats
185 creatures vanquished.

Vanquished Creatures (collateral kills)
  A wizard (D:7)
  A troll (D:7)
  A hippogriff (D:7)
  A hungry ghost (D:7)
  Menkaure (D:5)
  An orc warrior (D:6)
  A big kobold (D:7)
  A bullfrog (D:6)
  A water moccasin skeleton (D:7)
  A crimson imp (D:7)
  A bullfrog zombie (D:6)
  4 orc priests
  A hound (D:6)
  An orc wizard (D:3)
  A worker ant (D:6)
  A killer bee zombie (D:7)
  A hound zombie (D:6)
  A worker ant zombie (D:7)
  4 gnolls (D:5)
  An adder (D:5)
  A shadow imp (D:6)
  An adder skeleton (D:7)
  A worm (D:2)
  A dart slug (D:1)
  A leopard gecko (D:2)
  8 orcs
  3 giant cockroaches (D:6)
  3 hobgoblins
  3 jackals
  A kobold (D:2)
  A quokka (D:2)
50 creatures vanquished.

Vanquished Creatures (others)
  A quokka skeleton (D:8)
  8 foxfires
9 creatures vanquished.

Grand Total: 244 creatures vanquished

Notes
Turn   | Place    | Note
-------+----------+-------------------------------------------
     0 | D:1      | raph the Deep Elf Wizard began the quest for the Orb.
     0 | D:1      | Reached XP level 1. HP: 10/10 MP: 7/7
   468 | D:1      | Reached XP level 2. HP: 15/15 MP: 6/9
   530 | D:1      | Learned a level 2 spell: Blink
   533 | D:1      | Learned a level 2 spell: Call Imp
  1050 | D:1      | Reached XP level 3. HP: 19/19 MP: 6/11
  1055 | D:1      | Learned a level 3 spell: Conjure Flame
  1059 | D:1      | Learned a level 3 spell: Mephitic Cloud
  1434 | D:2      | Found a sacrificial altar of Ru.
  1630 | D:2      | Reached skill level 5 in Spellcasting
  2153 | D:2      | Found a basalt altar of Yredelemnul.
  2481 | D:2      | Reached XP level 4. HP: 24/24 MP: 10/13
  2801 | D:3      | Found a snail-covered altar of Cheibriados.
  2853 | D:3      | Reached skill level 1 in Fire Magic
  3028 | D:3      | Reached skill level 1 in Air Magic
  3538 | D:3      | Reached XP level 5. HP: 23/28 MP: 9/14
  4538 | D:4      | Noticed Ijyb
  5178 | D:4      | Reached XP level 6. HP: 8/33 MP: 11/16
  5497 | D:4      | Noticed a hungry ghost
  5716 | D:4      | Reached skill level 1 in Fighting
  5808 | D:4      | Got an ichor-stained spear
  5908 | D:4      | Killed a hungry ghost
  5908 | D:4      | Reached skill level 6 in Spellcasting
  5908 | D:4      | Reached skill level 5 in Conjurations
  5908 | D:4      | Reached XP level 7. HP: 31/38 MP: 9/18
  6002 | D:4      | Noticed Pikel
  6019 | D:4      | Killed Pikel
  6019 | D:4      | Reached XP level 8. HP: 19/44 MP: 9/19
  6462 | D:4      | Killed Ijyb
  6495 | D:5      | Entered Level 5 of the Dungeon
  6832 | D:5      | Learned a level 2 spell: Slow
  6904 | D:5      | Got an ichor-stained hunting sling
  6943 | D:5      | Noticed Eustachio
  6978 | D:5      | Killed Eustachio
  7141 | D:5      | Noticed Blork the orc
  7186 | D:5      | Killed Blork the orc
  7226 | D:5      | Found a glowing golden altar of the Shining One.
  7657 | D:5      | Noticed Menkaure
  7898 | D:5      | Learned a level 1 spell: Animate Skeleton
  7900 | D:5      | Learned a level 1 spell: Pain
  8033 | D:6      | Reached skill level 5 in Stealth
  8039 | D:6      | Reached skill level 1 in Necromancy
  8326 | D:6      | Found a staircase to the Ecumenical Temple.
  8335 | Temple   | Entered the Ecumenical Temple
  8724 | Temple   | Became a worshipper of Vehumet
  9630 | D:5      | Killed Menkaure
  9630 | D:5      | Reached skill level 1 in Armour
  9630 | D:5      | Reached XP level 9. HP: 28/49 MP: 15/21
 11809 | D:7      | Noticed a wizard
 11809 | D:7      | Noticed an ogre mage
 11867 | D:7      | Reached * piety under Vehumet
 11867 | D:7      | Offered knowledge of Freeze by Vehumet.
 12320 | D:7      | Reached skill level 7 in Spellcasting
 13079 | D:7      | Reached skill level 5 in Dodging
 13285 | D:7      | Reached skill level 5 in Necromancy
 13593 | D:7      | Found a shimmering altar of Xom.
 13674 | D:7      | Noticed a manticore
 13845 | D:7      | Killed a wizard
 13845 | D:7      | Reached XP level 10. HP: 34/56 MP: 11/23
 13933 | D:7      | Killed a manticore
 14077 | D:7      | Noticed an orc knight
 14119 | D:8      | Found an ancient bone altar of Kikubaaqudgha.
 14120 | D:8      | Found an ornate altar of the Wu Jian Council.
 14120 | D:8      | Found an iron altar of Okawaru.
 14242 | D:8      | Reached ** piety under Vehumet
 14257 | D:8      | Offered knowledge of Foxfire by Vehumet.
 14563 | D:8      | Noticed Joseph
 14576 | D:8      | Killed Joseph
 14914 | D:8      | Found Inou's Armour Shoppe.
 14929 | D:8      | Bought a +0 robe of fire resistance for 84 gold pieces
 14929 | D:8      | Bought a +1 pair of gloves of archery for 181 gold pieces
 14968 | D:8      | Identified the +4 spear of Chaos {flame, rN+ Str+2 Dex-4}
                  | (You found it on level 4 of the Dungeon)
 14969 | D:8      | Identified the +3 hunting sling "Hifoel" {venom, *Drain
                  | rF+++ Dex+6} (You found it on level 5 of the Dungeon)
 15032 | D:8      | Found an iron altar of Okawaru.
 15157 | D:8      | Learned a level 1 spell: Foxfire
 15162 | D:8      | Learned a level 4 spell: Dispel Undead
 15194 | D:8      | Found a staircase to the Lair.
 15219 | D:8      | Found a white marble altar of Elyvilon.
 15597 | Lair:1   | Entered Level 1 of the Lair of Beasts
 15616 | Lair:1   | Reached skill level 8 in Spellcasting
 16128 | Lair:1   | Learned a level 3 spell: Vampiric Draining
 16186 | Lair:1   | Noticed a spiny frog
 16213 | Lair:1   | HP: 2/57 [water moccasin (7)]
 16214 | Lair:1   | Slain by a bullfrog

Illustrated notes

Levels and vault maps discovered:
D:1:      co_arrival_two_rings, layout_basic
D:2:      layout_basic, lemuel_crystal_altar, nicolae_overflow_crystal_walls
D:3:      cheibrodos_greedy_goblins, layout_loops_ring, cheibriados_altar_1,
          first_ration
D:4:      layout_basic, uniq_pikel, uniq_ijyb
D:5:      layout_basic, tso_oasis_becter, uniq_eustachio, uniq_menkaure,
          uniq_blork_the_orc
D:6:      layout_cave_pods, minmay_temple_entry_mist, gup_sewer_entry_bowl
D:7:      minmay_the_grid_plus_closed [minmay_the_grid_slots,
          minmay_the_grid_tri_star, minmay_the_grid_fan,
          minmay_the_grid_armoury, minmay_the_grid_prize_trominoes],
          layout_cave_pods, xom_teletrap_fun
D:8:      layout_rooms, elyvilon_altar_4, grunt_temple_overflow_open,
          lair_entry_dummy, serial_shops, nicolae_shop_window_shopping,
          okawaru_ov_weapons_minmay, uniq_joseph
Temple:   oiseaux_autumnal_temple
Lair:1:   layout_cave_pods, nicolae_volcano_entry_lava_flow

Skill      XL: |  1  2  3  4  5  6  7  8  9 10 |
---------------+-------------------------------+-----
Conjurations   | 2 3 4 5 6 7 |  7.9
Spellcasting   | 5 6 7 8 |  8.1
Fire Magic     | 1 2 3 |  3.9
Air Magic      | 1 3 |  3.5
Summonings     | 2 3 4 |  4.9
Dodging        | 3 4 5 6 |  6.1
Stealth        | 3 4 5 6 7 |  7.2
Fighting       | 1 2 3 4 |  4.2
Necromancy     | 2 5 6 |  6.9
Armour         | 1 2 |  2.7
Translocations | |  1.1

Action                   |  1- 3 |  4- 6 |  7- 9 | 10-12 || total
-------------------------+-------+-------+-------+-------++-------
Melee: Unarmed           |     1 |       |       |       ||     1
       Short sword       |     1 |       |       |       ||     1
       Rapier            |     4 |    28 |    47 |     3 ||    82
 Cast: Magic Dart        |    87 |   142 |   347 |    69 ||   645
       Call Imp          |     9 |    21 |    55 |     9 ||    94
       Conjure Flame     |     1 |     4 |    15 |     5 ||    25
       Blink             |       |     2 |       |     1 ||     3
       Mephitic Cloud    |       |     2 |    13 |     2 ||    17
       Animate Skeleton  |       |       |    16 |     8 ||    24
       Pain              |       |       |    42 |    58 ||   100
       Foxfire           |       |       |       |     5 ||     5
Evoke: Wand              |       |       |       |     1 ||     1
  Use: Scroll            |       |    11 |     8 |     2 ||    21
       Potion            |       |       |       |     3 ||     3
 Stab: Sleeping          |     1 |     1 |     1 |     1 ||     4
       Confused          |       |       |     3 |       ||     3
       Distracted        |       |       |     1 |       ||     1
  Eat: Chunk             |     5 |     8 |    19 |     5 ||    37
       Ration            |       |     2 |     2 |     1 ||     5
Armor: Robe              |     2 |    14 |     6 |       ||    22
       Leather armour    |       |       |    54 |    24 ||    78
Dodge: Dodged            |    10 |    54 |   144 |    79 ||   287
